 Dungeon Crawl Stone Soup version 0.28.0-43-g3370ac3207 (webtiles) character file.

Game seed: 13197415284225168731

84 nickcage the Cudgeller (level 4, -1/29 HPs)
             Began as a Gargoyle Fighter on Mar 21, 2022.
             Slain by a water moccasin (6 damage)
             ... on level 3 of the Dungeon.
             The game lasted 00:03:49 (2296 turns).

nickcage the Cudgeller (Gargoyle Fighter)           Turns: 2296, Time: 00:03:49

Health: -1/29      AC: 11    Str: 21    XL:     4   Next: 46%
Magic:  4/4        EV:  9    Int:  9    God:
Gold:   107        SH:  4    Dex:  9    Spells: 3/3 levels left

rFire   . . .      SeeInvis .   a - +1 flail
rCold   . . .      Faith    .   c - +0 buckler
rNeg    + . .      Spirit   .   b - +0 scale mail
rPois   ∞          Reflect  .   (no helmet)
rElec   +          Harm     .   (no cloak)
rCorr   .          Rampage  .   k - +0 pair of gloves
Will    .....                   (no boots)
Stlth   ..........              (no amulet)
HPRegen 0.09/turn               (no ring)
MPRegen 0.09/turn               (no ring)

@: no status effects
A: sickness immunity, AC +3, negative energy resistance 1, electricity
resistance, torment resistance 1, petrification resistance
a: no special abilities


You were on level 3 of the Dungeon.
You visited 1 branch of the dungeon, and saw 3 of its levels.

You collected 107 gold pieces.

Inventory:

Hand Weapons
 a - a +1 flail (weapon)
Missiles
 g - 44 stones (quivered)
Armour
 b - a +0 scale mail (worn)
 c - a +0 buckler (worn)
 k - a +0 pair of gloves (worn)
Jewellery
 f - a ring of positive energy
 r - a +6 ring of intelligence
Potions
 d - a potion of might
 e - a potion of flight
 h - a potion of haste {unknown}
 j - a potion of lignification {unknown}
 n - a potion of resistance {unknown}
 o - a potion of mutation {unknown}
 p - a potion of curing {unknown}
 s - a potion of attraction {unknown}


   Skills:
 + Level 3.7 Fighting
 * Level 4.2 Maces & Flails
 + Level 0.2 Throwing
 - Level 3.2 Armour
 - Level 3.2 Shields


You had 3 spell levels left.
You didn't know any spells.
Your spell library contained the following spells:

 Spells                   Type           Power      Damage    Failure   Level
 Magic Dart               Conj           0%         1d3       82%         1
 Call Imp                 Summ           0%         N/A       91%         2
 Mephitic Cloud           Conj/Pois/Air  0%         N/A       99%         3


Dungeon Overview and Level Annotations

Branches:
Dungeon (3/15)

Altars:


Innate Abilities, Weirdness & Mutations

You are immune to sickness and miasma.
Your stone body is resilient. (AC +3)
You are immune to poison.
You resist negative energy. (rN+)
You are resistant to electric shocks. (rElec)
You are resistant to unholy torment.
You are immune to petrification.


Message History

The water moccasin bites you but does no damage.
The water moccasin bites you.
You barely miss the water moccasin. You block the water moccasin's attack.
You thump the water moccasin!
The water moccasin is moderately wounded.
The water moccasin closely misses you.
The water moccasin bites you but does no damage.
You closely miss the water moccasin.
The water moccasin is moderately wounded.
You block the water moccasin's attack.
The water moccasin bites you but does no damage.
You miss the water moccasin.
The water moccasin is lightly wounded.
The water moccasin bites you but does no damage.
You hit the water moccasin but do no damage.
The water moccasin is lightly wounded.
The water moccasin barely misses you.
The water moccasin bites you but does no damage.
You barely miss the water moccasin.
The water moccasin is lightly wounded.
The water moccasin bites you.
The water moccasin bites you but does no damage.
You thump the water moccasin!
The water moccasin is severely wounded.
You block the water moccasin's attack. The water moccasin bites you!
You are too injured to fight recklessly!
You barely miss the water moccasin.
The water moccasin is severely wounded.
The water moccasin bites you but does no damage.
You closely miss the water moccasin.
The water moccasin is severely wounded.
The water moccasin bites you.
* * * LOW HITPOINT WARNING * * *
The water moccasin bites you but does no damage.
You miss the water moccasin.
The water moccasin is severely wounded.
The water moccasin bites you.
* * * LOW HITPOINT WARNING * * *
The water moccasin bites you.
You die...

####+##.P...P...).#####
##PPPPP......#
###.#.......#
#.#..(###.#####
#.###.........#
#.....(##)###.#
######(#....#.#
#S#....#.# #@#.####.#
#.#......# #.########
#.. ###


You could see a water moccasin.

Vanquished Creatures
  3 adders
  3 dart slugs (D:1)
  5 endoplasms
  5 giant cockroaches
  3 goblins
  2 hobgoblins (D:1)
  6 jackals
  6 kobolds
  3 ball pythons
  6 bats (D:1)
  A frilled lizard (D:1)
  2 rats
  A toadstool (D:3)
46 creatures vanquished.

Vanquished Creatures (others)
  2 fungi (D:3)
2 creatures vanquished.

Grand Total: 48 creatures vanquished

Notes
Turn   | Place    | Note
-------+----------+-------------------------------------------
     0 | D:1      | nickcage the Gargoyle Fighter began the quest for the Orb.
     0 | D:1      | Reached XP level 1. HP: 14/14 MP: 1/1
   165 | D:1      | Reached XP level 2. HP: 11/19 MP: 2/2
   603 | D:1      | Reached skill level 3 in Maces & Flails
   611 | D:1      | Reached XP level 3. HP: 20/23 MP: 3/3
  1537 | D:2      | Reached XP level 4. HP: 28/28 MP: 4/4
  1560 | D:2      | Reached skill level 4 in Maces & Flails
  2275 | D:3      | Noticed a water moccasin
  2296 | D:3      | Slain by a water moccasin

Illustrated notes

Levels and vault maps discovered:
D:1:      lightli_arrival_farm, layout_loops_ring
D:2:      layout_loops_corners
D:3:      layout_basic, mainiacjoe_overflow_swirl, minmay_gold_behind_fungi

Skill      XL: |  1  2  3  4 |
---------------+-------------+-----
Maces & Flails | 3 4 |  4.2
Fighting       | |  3.7
Throwing       | |  0.2
Armour         | |  3.2
Shields        | |  3.2

Action                   |  1- 3 |  4- 6 || total
-------------------------+-------+-------++-------
Melee: Flail             |   115 |    46 ||   161
Throw: Stone             |    13 |     3 ||    16
  Use: Scroll            |       |     5 ||     5
Armor: Scale mail        |    66 |    21 ||    87
Dodge: Dodged            |    74 |    15 ||    89
Block: Buckler           |    29 |    14 ||    43
